| TOP OF THE 1ST |
|
Reno Aces batting - Pitching for Sacramento River Cats : RHP Jorge Sosa
|
|
Pitching: RHP Jorge Sosa
|
|
|
Batting: RHB Ji-an Li
|
0-0: Foul Ball, location: 2F 0-1: Ball 1-1: Ball 2-1: Ground out U3 (Groundball, 34S, EV 81.2 MPH)
|
|
Batting: LHB Kyle Beaulieu
|
0-0: Foul Ball, location: 2F 0-1: Called Strike 0-2: SINGLE (Groundball, 34D, EV 111.9 MPH)
|
|
Batting: LHB Bobby Arevalo
|
0-0: Called Strike 0-1: Fly out, F9 (Flyball, 9D, EV 105.0 MPH) Runner from 1st tags up, SAFE at 2nd
|
|
Batting: LHB Jeff Taylor
|
0-0: Foul Ball, location: 2F 0-1: Ball 1-1: Called Strike 1-2: Ball 2-2: Foul Ball, location: 2F 2-2: Ball 3-2: Base on Balls
|
|
Batting: LHB Ian Jarvis
|
0-0: Ball 1-0: Foul Ball, location: 2F 1-1: Ground out 3-1 (Groundball, 34S, EV 86.9 MPH)
|
| Top of the 1st over - 0 runs, 1 hit, 0 errors, 2 left on base; Reno 0 - Sacramento 0 |
| BOTTOM OF THE 1ST |
|
Sacramento River Cats batting - Pitching for Reno Aces : LHP John Salzmann
|
|
Pitching: LHP John Salzmann
|
|
|
Batting: RHB Laroya Foronda
|
0-0: Ball 1-0: Called Strike 1-1: Ball 2-1: Ground out 6-3 (Groundball, 6, EV 89.4 MPH)
|
|
Batting: LHB Kevin Kantor
|
0-0: Called Strike 0-1: Ball 1-1: Ball 2-1: Swinging Strike 2-2: SINGLE (Flyball, 8LS, EV 95.6 MPH)
|
|
Batting: RHB Martin Guerrero
|
0-0: Called Strike Kevin Kantor steals 2nd base (no throw) 0-1: Foul Ball, location: 2F 0-2: Ball 1-2: Fly out, F7 (Line Drive, 7, EV 104.4 MPH)
|
|
Batting: LHB Willie Ceniceros
|
0-0: Called Strike 0-1: Ball 1-1: Ball 2-1: Ball 3-1: Foul Ball, location: 2F 3-2: Foul Ball, location: 2F 3-2: Foul Ball, location: 2F 3-2: Strikes out swinging
|
| Bottom of the 1st over - 0 runs, 1 hit, 0 errors, 1 left on base; Reno 0 - Sacramento 0 |
| TOP OF THE 2ND |
|
Reno Aces batting - Pitching for Sacramento River Cats : RHP Jorge Sosa
|
|
Batting: RHB Ruben Garza
|
0-0: Ball 1-0: Called Strike 1-1: Ball 2-1: Ball 3-1: Swinging Strike 3-2: Base on Balls
|
|
Batting: LHB Steve Reinhart
|
0-0: Ball 1-0: Foul Ball, location: 2F 1-1: Fielders Choice at 2nd, 4-6 (Groundball, 4, EV 110.0 MPH)
|
|
Batting: LHB Sumiki Okuhara
|
0-0: Ball 1-0: Ball 2-0: Called Strike 2-1: Foul Ball, location: 2F 2-2: Ground out 4-3 (Groundball, 34D, EV 92.5 MPH) Steve Reinhart to second
|
|
Batting: RHB Juan Espinoza
|
0-0: Called Strike 0-1: Fly out, F9 (Flyball, 9D, EV 86.9 MPH)
|
| Top of the 2nd over - 0 runs, 0 hits, 0 errors, 1 left on base; Reno 0 - Sacramento 0 |
| BOTTOM OF THE 2ND |
|
Sacramento River Cats batting - Pitching for Reno Aces : LHP John Salzmann
|
|
Batting: RHB Hugo Zacarias
|
0-0: Fly out, F8 (Flyball, 8LM, EV 72.5 MPH)
|
|
Batting: LHB Ryan Braden
|
0-0: Ball 1-0: Foul Ball, location: 2F 1-1: Foul Ball, location: 2F 1-2: Fly out, F5 (Popup, 25F, EV 86.9 MPH)
|
|
Batting: RHB Davey Beeson
|
0-0: Ground out 4-3 (Groundball, 4S, EV 86.9 MPH)
|
| Bottom of the 2nd over - 0 runs, 0 hits, 0 errors, 0 left on base; Reno 0 - Sacramento 0 |
| TOP OF THE 3RD |
|
Reno Aces batting - Pitching for Sacramento River Cats : RHP Jorge Sosa
|
|
Batting: RHB Ji-an Li
|
0-0: Ball 1-0: Ball 2-0: Foul Ball, location: 2F 2-1: Swinging Strike 2-2: Foul Ball, location: 2F 2-2: Foul Ball, location: 2F 2-2: Foul Ball, location: 2F 2-2: Foul Ball, location: 2F 2-2: Foul Ball, location: 2F 2-2: Ball 3-2: Strikes out swinging
|
|
Batting: LHB Kyle Beaulieu
|
0-0: Foul Ball, location: 2F 0-1: SOLO HOME RUN (Flyball, 89XD, EV 106.2 MPH), Distance : 431 ft
|
|
Batting: LHB Bobby Arevalo
|
0-0: Ball 1-0: SINGLE (Groundball, 34D, EV 106.9 MPH) (infield hit)
|
|
Batting: LHB Jeff Taylor
|
0-0: Ball Pickoff Throw to First - Error! E1 Bobby Arevalo to second 1-0: Called Strike 1-1: SINGLE (Line Drive, 6M, EV 94.4 MPH) Bobby Arevalo to third
|
|
Batting: LHB Ian Jarvis
|
0-0: Called Strike 0-1: Ball 1-1: SINGLE (Line Drive, 4D, EV 101.9 MPH) Bobby Arevalo scores Jeff Taylor to second
|
|
Batting: RHB Ruben Garza
|
0-0: Swinging Strike 0-1: Ball 1-1: Swinging Strike 1-2: Ball 2-2: Strikes out looking
|
|
Batting: LHB Steve Reinhart
|
0-0: Called Strike 0-1: Ball 1-1: Foul Ball, location: 2F 1-2: Foul Ball, location: 2F 1-2: Foul Ball, location: 2F 1-2: Ball 2-2: Fly out, F7 (Flyball, 7D, EV 91.9 MPH)
|
| Top of the 3rd over - 2 runs, 4 hits, 1 error, 2 left on base; Reno 2 - Sacramento 0 |
| BOTTOM OF THE 3RD |
|
Sacramento River Cats batting - Pitching for Reno Aces : LHP John Salzmann
|
|
Batting: RHB Matt Fenimore
|
0-0: Ball 1-0: Ball 2-0: Called Strike 2-1: Ball 3-1: Base on Balls
|
|
Batting: RHB Jack Toole
|
0-0: Called Strike 0-1: Swinging Strike 0-2: Ball 1-2: Strikes out looking
|
|
Batting: RHB Laroya Foronda
|
0-0: Ball 1-0: Ball 2-0: Called Strike 2-1: Foul Ball, location: 2F 2-2: Foul Ball, location: 2F 2-2: Strikes out swinging
|
|
Batting: LHB Kevin Kantor
|
0-0: Ball 1-0: Ball 2-0: Ball 3-0: Called Strike 3-1: Called Strike 3-2: TRIPLE (Flyball, 89XD, EV 108.1 MPH) Matt Fenimore scores
|
|
Batting: RHB Martin Guerrero
|
0-0: Foul Ball, location: 2F 0-1: Ground out 6-3 (Groundball, 6, EV 86.9 MPH)
|
| Bottom of the 3rd over - 1 run, 1 hit, 0 errors, 1 left on base; Reno 2 - Sacramento 1 |
| TOP OF THE 4TH |
|
Reno Aces batting - Pitching for Sacramento River Cats : RHP Jorge Sosa
|
|
Batting: LHB Sumiki Okuhara
|
0-0: Foul Ball, location: 2F 0-1: Foul Ball, location: 2F 0-2: Ball 1-2: Ball 2-2: Ball 3-2: Foul Ball, location: 2F 3-2: Strikes out swinging
|
|
Batting: RHB Juan Espinoza
|
0-0: Called Strike 0-1: Foul Ball, location: 2F 0-2: Strikes out swinging
|
|
Batting: RHB Ji-an Li
|
0-0: Ball 1-0: Called Strike 1-1: DOUBLE (Line Drive, 3D, EV 110.0 MPH)
|
|
Batting: LHB Kyle Beaulieu
|
0-0: Called Strike 0-1: Ball 1-1: Foul Ball, location: 2F 1-2: Foul Ball, location: 2F 1-2: Foul Ball, location: 2F 1-2: Ground out U3 (Groundball, 34, EV 83.1 MPH)
|
| Top of the 4th over - 0 runs, 1 hit, 0 errors, 1 left on base; Reno 2 - Sacramento 1 |
| BOTTOM OF THE 4TH |
|
Sacramento River Cats batting - Pitching for Reno Aces : LHP John Salzmann
|
|
Batting: LHB Willie Ceniceros
|
0-0: Fly out, F7 (Flyball, 7, EV 87.5 MPH)
|
|
Batting: RHB Hugo Zacarias
|
0-0: Foul Ball, location: 2F 0-1: Called Strike 0-2: Ground out 6-3 (Groundball, 6, EV 107.5 MPH)
|
|
Batting: LHB Ryan Braden
|
0-0: Foul Ball, location: 2F 0-1: Ground out 4-3 (Groundball, 34D, EV 105.6 MPH)
|
| Bottom of the 4th over - 0 runs, 0 hits, 0 errors, 0 left on base; Reno 2 - Sacramento 1 |
| TOP OF THE 5TH |
|
Reno Aces batting - Pitching for Sacramento River Cats : RHP Jorge Sosa
|
|
Batting: LHB Bobby Arevalo
|
0-0: Ball 1-0: Swinging Strike 1-1: Called Strike 1-2: Strikes out swinging
|
|
Batting: LHB Jeff Taylor
|
0-0: Ball 1-0: Foul Ball, location: 2F 1-1: Foul Ball, location: 2F 1-2: Ball 2-2: Ball 3-2: Strikes out swinging
|
|
Batting: LHB Ian Jarvis
|
0-0: Called Strike 0-1: Called Strike 0-2: Ball 1-2: Ball 2-2: Foul Ball, location: 2F 2-2: Strikes out swinging
|
| Top of the 5th over - 0 runs, 0 hits, 0 errors, 0 left on base; Reno 2 - Sacramento 1 |
| BOTTOM OF THE 5TH |
|
Sacramento River Cats batting - Pitching for Reno Aces : LHP John Salzmann
|
|
Batting: RHB Davey Beeson
|
0-0: Ground out 6-3 (Groundball, 6S, EV 85.0 MPH)
|
|
Batting: RHB Matt Fenimore
|
0-0: Ball 1-0: Called Strike 1-1: Ball 2-1: Ball 3-1: Fly out, F7 (Flyball, 78S, EV 84.4 MPH)
|
|
Batting: RHB Jack Toole
|
0-0: Ball 1-0: Ball 2-0: Called Strike 2-1: Foul Ball, location: 2F 2-2: Ground out 5-3 (Groundball, 56S, EV 88.8 MPH)
|
| Bottom of the 5th over - 0 runs, 0 hits, 0 errors, 0 left on base; Reno 2 - Sacramento 1 |
| TOP OF THE 6TH |
|
Reno Aces batting - Pitching for Sacramento River Cats : RHP Jorge Sosa
|
|
Pitching: RHP Taiji Morita
|
|
|
Batting: RHB Ruben Garza
|
0-0: Ball 1-0: Called Strike 1-1: Swinging Strike 1-2: SINGLE (Groundball, P, EV 91.2 MPH) (infield hit)
|
|
Batting: LHB Steve Reinhart
|
0-0: Called Strike 0-1: Foul Ball, location: 2F 0-2: Strikes out looking
|
|
Batting: LHB Sumiki Okuhara
|
0-0: Ball Ruben Garza is caught stealing 2nd base 2-6 1-0: Called Strike 1-1: Fly out, F7 (Flyball, 7D, EV 76.9 MPH)
|
| Top of the 6th over - 0 runs, 1 hit, 0 errors, 0 left on base; Reno 2 - Sacramento 1 |
| BOTTOM OF THE 6TH |
|
Sacramento River Cats batting - Pitching for Reno Aces : LHP John Salzmann
|
|
Batting: RHB Laroya Foronda
|
0-0: DOUBLE (Flyball, 78D, EV 112.5 MPH)
|
|
Batting: LHB Kevin Kantor
|
0-0: Called Strike Laroya Foronda steals 3rd base 0-1: Swinging Strike 0-2: Ball 1-2: Foul Ball, location: 2F 1-2: Foul Ball, location: 2F 1-2: DOUBLE (Line Drive, 9LM, EV 109.4 MPH) Laroya Foronda scores
|
|
Batting: RHB Martin Guerrero
|
0-0: Intentional Walk
|
|
Batting: LHB Willie Ceniceros
|
0-0: Ball 1-0: Ball 2-0: Called Strike 2-1: Fly out, F8 (Flyball, 8LD, EV 86.2 MPH)
|
|
Batting: RHB Hugo Zacarias
|
0-0: Ball 1-0: Ball 2-0: Called Strike 2-1: Ball 3-1: Called Strike 3-2: Base on Balls Kevin Kantor to third Martin Guerrero to second
|
|
Batting: LHB Ryan Braden
|
0-0: Fly out, F9 (Flyball, 89XD, EV 101.9 MPH) Runner from 3rd tags up, SCORES, no throw by RF
|
|
Batting: RHB Davey Beeson
|
0-0: Foul Ball, location: 2F 0-1: Ball 1-1: Fly out, F1 (Line Drive, P, EV 73.8 MPH)
|
| Bottom of the 6th over - 2 runs, 2 hits, 0 errors, 2 left on base; Reno 2 - Sacramento 3 |
| TOP OF THE 7TH |
|
Reno Aces batting - Pitching for Sacramento River Cats : RHP Taiji Morita
|
|
Batting: RHB Juan Espinoza
|
0-0: Called Strike 0-1: Ball 1-1: Foul Ball, location: 2F 1-2: Foul Ball, location: 2F 1-2: Foul Ball, location: 2F 1-2: Ball 2-2: Foul Ball, location: 2F 2-2: Fly out, F8 (Flyball, 89M, EV 88.8 MPH)
|
|
Batting: RHB Ji-an Li
|
0-0: Ball 1-0: Ground out U3 (Groundball, 3S, EV 81.2 MPH)
|
|
Batting: LHB Kyle Beaulieu
|
0-0: Called Strike 0-1: Ball 1-1: Called Strike 1-2: Ball 2-2: Foul Ball, location: 2F 2-2: Strikes out swinging
|
| Top of the 7th over - 0 runs, 0 hits, 0 errors, 0 left on base; Reno 2 - Sacramento 3 |
| BOTTOM OF THE 7TH |
|
Sacramento River Cats batting - Pitching for Reno Aces : LHP John Salzmann
|
|
Batting: RHB Matt Fenimore
|
0-0: Ball 1-0: Ball 2-0: Ball 3-0: DOUBLE (Line Drive, 7LM, EV 104.4 MPH)
|
|
Batting: RHB Jack Toole
|
0-0: Ball 1-0: SINGLE (Groundball, 25, EV 66.9 MPH) (infield hit) Matt Fenimore to third
|
|
Batting: RHB Laroya Foronda
|
0-0: Ball 1-0: Called Strike 1-1: Grounds out, U3 (Groundball, 3L, EV 81.2 MPH) Matt Fenimore scores
|
|
Batting: LHB Kevin Kantor
|
0-0: Fly out, F8 (Line Drive, 8RM, EV 96.2 MPH)
|
|
Batting: RHB Martin Guerrero
|
0-0: Foul Ball, location: 2F 0-1: Called Strike 0-2: Ball 1-2: Ball 2-2: Ball 3-2: Base on Balls
|
|
Pitching: RHP Manny Ferrer
|
|
|
Batting: LHB Willie Ceniceros
|
0-0: Swinging Strike 0-1: Foul Ball, location: 2F 0-2: Ground out 4-3 (Groundball, 4, EV 81.2 MPH)
|
| Bottom of the 7th over - 1 run, 2 hits, 0 errors, 2 left on base; Reno 2 - Sacramento 4 |
| TOP OF THE 8TH |
|
Reno Aces batting - Pitching for Sacramento River Cats : RHP Taiji Morita
|
|
Pitching: LHP Chris Morales
|
|
|
Batting: LHB Bobby Arevalo
|
0-0: Called Strike 0-1: Ball 1-1: Swinging Strike 1-2: Ball 2-2: Strikes out swinging
|
|
Batting: RHB Jon Solano
|
0-0: Foul Ball, location: 2F 0-1: Foul Ball, location: 2F 0-2: Ball 1-2: Fly out, F9 (Flyball, 9, EV 90.0 MPH)
|
|
Batting: LHB Ian Jarvis
|
0-0: Ball 1-0: Ball 2-0: Foul Ball, location: 2F 2-1: Fly out, F6 (Popup, 4M, EV 71.9 MPH)
|
| Top of the 8th over - 0 runs, 0 hits, 0 errors, 0 left on base; Reno 2 - Sacramento 4 |
| BOTTOM OF THE 8TH |
|
Sacramento River Cats batting - Pitching for Reno Aces : RHP Manny Ferrer
|
|
Batting: RHB Hugo Zacarias
|
0-0: Ball 1-0: Swinging Strike 1-1: Foul Ball, location: 2F 1-2: Fly out, F8 (Flyball, 8LD, EV 87.5 MPH)
|
|
Batting: LHB Ryan Braden
|
0-0: Ball 1-0: Ball 2-0: Called Strike 2-1: Foul Ball, location: 2F 2-2: Ball 3-2: Foul Ball, location: 2F 3-2: Foul Ball, location: 2F 3-2: Strikes out swinging
|
|
Batting: RHB Davey Beeson
|
0-0: Swinging Strike 0-1: Swinging Strike 0-2: Strikes out swinging
|
| Bottom of the 8th over - 0 runs, 0 hits, 0 errors, 0 left on base; Reno 2 - Sacramento 4 |
| TOP OF THE 9TH |
|
Reno Aces batting - Pitching for Sacramento River Cats : LHP Chris Morales
|
|
Pitching: RHP Adam Durant
|
|
|
Batting: RHB Ruben Garza
|
0-0: Ground out 4-3 (Groundball, 4, EV 81.9 MPH)
|
|
Batting: LHB Steve Reinhart
|
0-0: Ball 1-0: Ball 2-0: Called Strike 2-1: Ball 3-1: Fly out, F7 (Flyball, 7, EV 90.0 MPH)
|
|
Batting: LHB Sumiki Okuhara
|
0-0: Called Strike 0-1: Foul Ball, location: 2F 0-2: Foul Ball, location: 2F 0-2: Ball 1-2: Ball 2-2: Foul Ball, location: 2F 2-2: Ball 3-2: Ground out U3 (Groundball, 34S, EV 73.1 MPH)
|
| Top of the 9th over - 0 runs, 0 hits, 0 errors, 0 left on base; Reno 2 - Sacramento 4 |
|